AoeStats
← RagnarLothbrok

Black Forest

509356733Analyzed
4v4 RM · 5d ago on Sep 26, 2026· 47m 44s· 8 players
Game mode
Random Map
Map size
Large (8 player)
Population
200
Speed
Normal
Resources
Standard
Victory
Conquest
Starting age
Dark Age
Ending age
Imperial Age
RankedLock teamsTeams togetherTeam positionsShared explorationLock speedFull tech treeHidden civsTurbo modeCheats
Victory
Defeat
🇨🇳 Mongols · China
1382
+15
🇨🇳 Bohemians · China
1377
+15
🇲🇽 Maya · Mexico
1376
+15
🇭🇰 Poles · Hong Kong SAR China
1370
+15
🇦🇷 Chinese · Argentina
1381
-16
🇻🇪 Mongols · Venezuela
1371
-16
🇫🇷 Malay · France
1343
-15
🇫🇷 Persians · France
1305
-13
dl_king
11:42 Feudal Age
12:31 Double-Bit Axe
15:09 Castle Age
13:28 Horse Collar
13:40 Gold Mining
15:21 Wheelbarrow
16:44 Loom
19:59 Loom
19:59 Town Watch
22:53 Stone Mining
23:05 Heavy Plow
24:36 Hand Cart
24:40 Bow Saw
26:31 Town Patrol
29:11 Imperial Age
28:12 Stone Shaft Mining
28:49 Ballistics
28:44 Murder Holes
28:57 Padded Archer Armor
28:55 Fletching
29:19 Scale Mail Armor
29:29 Forging
31:04 Chemistry
30:03 Bodkin Arrow
30:23 Leather Archer Armor
29:46 Elite Plumed Archer
30:47 Conscription
31:37 Two-Man Saw
31:19 Crop Rotation
30:32 Capped Ram
32:26 Ring Archer Armor
31:56 Bracer
31:40 Treadmill Crane
32:11 Eagle Warrior
32:51 Squires
32:36 Arson
33:31 Caravan
34:01 Coinage
33:37 Elite Eagle Warrior
35:18 Holcans
35:26 Bracer
36:01 Iron Casting
35:41 Chain Mail Armor
37:59 Blast Furnace
37:31 Plate Mail Armor
36:49 Pikeman
38:11 Halberdier
43:18 Hoardings
43:05 Man-at-Arms
44:20 Banking
44:01 Guilds
43:38 Long Swordsman
44:12 Two-Handed Swordsman
lok914
0:29 Loom
14:11 Feudal Age
18:25 Castle Age
16:29 Horse Collar
16:54 Double-Bit Axe
17:30 Stone Mining
17:56 Fletching
22:43 Bodkin Arrow
31:38 Gold Mining
33:00 Bow Saw
38:35 Fortified Wall
40:10 Stone Shaft Mining
42:32 Imperial Age
40:40 Heavy Plow
42:11 Szlachta Privileges
42:17 Light Cavalry
43:07 Bloodlines
42:58 Husbandry
43:10 Forging
43:05 Scale Barding Armor
43:38 Winged Hussar
45:07 Forging
45:02 Scale Barding Armor
47:12 Lechitic Legacy
47:13 Conscription
47:52 Iron Casting
47:38 Chain Barding Armor
适才相戏尔
5:25 Loom
8:17 Feudal Age
8:42 Man-at-Arms
9:11 Double-Bit Axe
13:09 Horse Collar
18:32 Wheelbarrow
20:53 Castle Age
19:27 Gold Mining
19:30 Stone Mining
21:17 Fletching
21:27 Padded Archer Armor
20:59 Crossbowman
22:13 Bodkin Arrow
23:01 Gold Shaft Mining
24:26 Bow Saw
24:35 Padded Archer Armor
28:45 Ballistics
31:17 Wheelbarrow
31:37 Heavy Plow
35:02 Imperial Age
33:35 Hand Cart
33:57 Leather Archer Armor
34:23 Thumb Ring
35:29 Stone Shaft Mining
35:16 Bloodlines
35:07 Husbandry
36:11 Conscription
35:12 Elite Mangudai
37:03 Chemistry
36:04 Bracer
36:33 Parthian Tactics
36:43 Drill
36:41 Onager
38:42 Siege Engineers
41:21 Siege Onager
42:33 Capped Ram
46:42 Heavy Camel Rider
47:31 Scale Barding Armor
47:59 Town Watch
wuming
3:33 Loom
11:52 Feudal Age
12:48 Double-Bit Axe
15:31 Castle Age
13:49 Horse Collar
16:58 Bow Saw
18:08 Wheelbarrow
25:09 Hand Cart
30:12 Imperial Age
28:38 Coinage
28:06 Town Watch
28:34 Forging
28:25 Scale Mail Armor
28:35 Caravan
29:35 Heavy Plow
31:23 Conscription
32:06 Chemistry
31:12 Siege Engineers
31:42 Banking
32:32 Padded Archer Armor
32:24 Fletching
33:50 Leather Archer Armor
35:06 Two-Man Saw
33:51 Houfnice
35:26 Masonry
35:13 Murder Holes
35:26 Pikeman
36:07 Squires
35:52 Arson
36:43 Iron Casting
36:24 Chain Mail Armor
36:28 Halberdier
37:17 Wagenburg Tactics
39:48 Blast Furnace
39:18 Plate Mail Armor
HeN_BenP
0:43 Loom
15:36 Feudal Age
18:51 Castle Age
17:01 Double-Bit Axe
16:58 Horse Collar
19:02 Bow Saw
27:20 Heavy Plow
27:44 Town Watch
28:37 Wheelbarrow
29:10 Town Watch
34:28 Imperial Age
33:34 Forging
33:25 Squires
33:11 Arson
33:19 Man-at-Arms
36:09 Long Swordsman
37:26 Iron Casting
37:00 Two-Handed Swordsman
39:21 Blast Furnace
43:23 Forced Levy
43:44 Conscription
44:21 Caravan
45:04 Hand Cart
44:42 Gold Mining
HeN.Wun
5:30 Loom
12:21 Feudal Age
16:28 Castle Age
15:32 Double-Bit Axe
15:30 Horse Collar
26:43 Bow Saw
27:19 Wheelbarrow
26:30 Town Watch
28:15 Gold Mining
29:08 Pikeman
32:24 Imperial Age
30:10 Hand Cart
30:02 Heavy Plow
30:17 Forging
30:13 Scale Barding Armor
31:58 Gold Shaft Mining
31:51 Ballistics
32:12 Chain Barding Armor
32:28 Iron Casting
32:11 Bloodlines
32:01 Husbandry
32:37 Squires
32:23 Arson
33:51 Conscription
33:31 Elite War Elephant
34:26 Town Patrol
35:56 Plate Barding Armor
36:27 Blast Furnace
36:41 Two-Man Saw
38:42 Fletching
38:52 Padded Archer Armor
39:55 Chemistry
39:03 Kamandaran
39:10 Light Cavalry
40:56 Crossbowman
46:33 Elite Skirmisher
47:23 Bodkin Arrow
47:44 Leather Archer Armor
RagnarLothbrok
10:35 Feudal Age
15:31 Castle Age
13:44 Double-Bit Axe
13:58 Loom
16:43 Horse Collar
18:40 Loom
19:26 Loom
21:51 Wheelbarrow
22:48 Heavy Plow
24:54 Stone Mining
24:54 Gold Mining
25:57 Gold Mining
28:20 Stone Shaft Mining
28:20 Gold Shaft Mining
29:09 Gold Shaft Mining
33:17 Imperial Age
31:48 Bow Saw
32:14 Forging
32:35 Bloodlines
32:26 Husbandry
33:06 Fletching
33:38 Ballistics
33:32 Scale Mail Armor
33:34 Padded Archer Armor
33:52 Thumb Ring
33:56 Bodkin Arrow
34:02 Loom
34:47 Conscription
35:35 Chemistry
35:04 Bracer
35:19 Leather Archer Armor
35:18 Caravan
35:53 Leather Archer Armor
35:25 Capped Ram
36:07 Nomads
36:37 Drill
36:51 Hand Cart
37:35 Parthian Tactics
37:37 Scale Barding Armor
36:55 Elite Steppe Lancer
37:26 Elite Mangudai
38:48 Chain Barding Armor
38:08 Elite Steppe Lancer
39:18 Siege Ram
40:49 Iron Casting
40:03 Onager
42:48 Siege Onager
44:38 Hoardings
43:26 Light Cavalry
lobo
0:34 Loom
8:42 Feudal Age
9:25 Double-Bit Axe
12:19 Horse Collar
13:27 Wheelbarrow
18:31 Fletching
20:50 Castle Age
22:22 Scale Mail Armor
24:18 Squires
24:57 Chain Mail Armor
25:48 Forging
32:50 Stone Mining
33:13 Fortified Wall
33:46 Bow Saw
36:45 Gold Mining
37:51 Caravan
38:05 Great Wall
38:27 Masonry
39:14 Gold Shaft Mining
39:25 Elite Skirmisher
39:56 Fletching
41:56 Ballistics
41:32 Bodkin Arrow
44:32 Imperial Age
Connection lost

Rejoining the realm…

Still unreachable

The connection could not be restored.

Session expired

The server has moved on; the page needs a fresh start.